 Dungeon Crawl Stone Soup version 0.31-a0-370-g25055926c8 (webtiles) character file.

Game seed: 1299192072244926212

137 Ryumin the Poker (level 5, 0/48 HPs)
             Began as a Minotaur Berserker on July 29, 2023.
             Was a Priest of Trog.
             Shot with an arrow by a centaur (8 damage)
             ... on level 4 of the Dungeon.
             The game lasted 00:07:14 (2187 turns).

Ryumin the Poker (Minotaur Berserker)               Turns: 2187, Time: 00:07:14

Health: 0/48       AC:  2    Str: 21 (23) XL:     5   Next: 0%
Magic:  4/4        EV: 12    Int:  1 (4)  God:    Trog [***...]
Gold:   167        SH:  0    Dex:  7 (10) Spells: 4/4 levels left

rFire   . . .        a - +0 spear
rCold   . . .        (no shield)
rNeg    . . .        b - +0 animal skin
rPois   .            (helmet restricted)
rElec   .            (no cloak)
rCorr   .            (no gloves)
SInv    .            (no boots)
Will    .....        (no amulet)
Stlth   +            (no ring)
HPRegen 0.28/turn    (no ring)
MPRegen 0.09/turn

%: no passive effects
@: no status effects
A: horns 2, retaliatory headbutt
a: Renounce Religion, Berserk, Trog's Hand


You were on level 4 of the Dungeon.
You worshipped Trog.
Trog was most pleased with you.
You visited 1 branch of the dungeon, and saw 4 of its levels.

You collected 167 gold pieces.

Inventory:

Hand Weapons
 a - a +0 spear (weapon)
Armour
 b - a +0 animal skin (worn)
 c - a +0 ring mail
 h - a +0 scale mail
 i - a +0 leather armour
Scrolls
 e - a scroll of summoning {unknown}
 f - a scroll of revelation
 g - a scroll of identify {unknown}
 j - a scroll of enchant weapon {unknown}


   Skills:
 + Level 5.0 Fighting
 + Level 5.2 Polearms
 + Level 2.9 Armour
 + Level 2.6 Dodging
 + Level 0.3 Stealth


You had 4 spell levels left.
You didn't know any spells.
Your spell library contained the following spells:

 Spells                   Type           Power      Damage    Failure   Level
 Cigotuvi's Dreadful Rot  Necr/Pois/Air  0%         N/A       71%         2
 Ignite Poison            Fire/Tmut/Pois 0%         N/A       91%         3
 Freezing Cloud           Conj/Ice/Air   0%         6-21      100%        5


Dungeon Overview and Level Annotations

Branches:
Dungeon (4/15)
 Temple: D:4-7

Altars:


Innate Abilities, Weirdness & Mutations

You have a pair of horns on your head.
You reflexively headbutt those who attack you in melee.


Message History

You closely miss the ball python. You headbutt the ball python.
You kill the ball python!
Trog accepts your kill. The adder closely misses you.
The adder attacks as you move away! The adder bites you.
The adder attacks as you move away! The adder completely misses you.
The adder bites you but does no damage.
You miss the adder. The adder bites you.
You hit the adder.
The adder is moderately wounded.
The adder closely misses you. You furiously retaliate!
You headbutt the adder!
You kill the adder!
Trog accepts your kill.
You have reached level 5!
You see here 3 large rocks.
You open the door.
There is an open door here.
A centaur comes into view.
Found a plate armour.
The centaur shouts!
The centaur wields a +0 shortbow.
The centaur shoots an arrow.
The arrow misses you.
Okay, then.
The centaur shoots an arrow.
The arrow barely misses you.
The centaur shoots an arrow.
The arrow hits you!
The centaur shoots an arrow.
The arrow hits you!
There is an open door here.
The centaur shoots an arrow.
The arrow hits you!
Okay, then.
Okay, then.
As you close the door, it creaks loudly!
You aren't carrying any potions.
As you read the scroll of teleportation, it crumbles to dust.
You feel strangely unstable.
Your surroundings seem slightly different.
Something unseen opens the door.
The centaur shoots an arrow.
The arrow hits you!
* * * LOW HITPOINT WARNING * * *
You open the door.
The centaur shoots an arrow.
The arrow hits you!
You die...

#.#.##.### ##.......># #
#.....#.#. #.###.###.# #
.#..# #.....# ... .#..#
####'####..#.# ....#
#.......#... # #....
#.⌠.†.⌠.#..## ....#
###(.....@##..
.#..####.c...⌠...'....#
.........#.......#.?.#.#
...c.....#.⌠...⌠.##..#
...#######.......# ..#
.#. ####+#### .# .. #
... ...


You could see a centaur.

Vanquished Creatures
  6 adders
  A worm (D:3)
  2 dart slugs
  An orc (D:3)
  6 bats
  9 endoplasms
  3 giant cockroaches
  4 goblins
  8 hobgoblins
  3 quokkas
  12 ball pythons
  3 frilled lizards (D:1)
  8 kobolds
  6 rats
72 creatures vanquished.

Notes
Turn   | Place    | Note
-------+----------+-------------------------------------------
     0 | D:1      | Ryumin the Minotaur Berserker began the quest for the Orb.
     0 | D:1      | Reached XP level 1. HP: 19/19 MP: 0/0
   162 | D:1      | Reached XP level 2. HP: 24/27 MP: 1/1
   443 | D:1      | Reached XP level 3. HP: 32/33 MP: 2/2
   446 | D:1      | Reached ** piety under Trog
   954 | D:2      | Found a faded altar of an unknown god.
  1051 | D:2      | Reached XP level 4. HP: 41/41 MP: 3/3
  1214 | D:2      | Reached skill level 5 in Polearms
  1612 | D:3      | Reached skill level 5 in Fighting
  1633 | D:3      | Reached *** piety under Trog
  2164 | D:4      | Reached XP level 5. HP: 40/48 MP: 4/4
  2174 | D:4      | Noticed a centaur
  2187 | D:4      | Shot with an arrow by a centaur

Illustrated notes

Levels and vault maps discovered:
D:1:      ebering_hopf_link, layout_rooms
D:2:      layout_loops_ring, shapermc_ecumenical_altar_totnotflames,
          minmay_shallow_snake_nest
D:3:      layout_basic, serial_bayou, serial_bayou_pond_e, serial_bayou_pond_a,
          serial_bayou_shore_a, serial_bayou_lake_a
D:4:      layout_loops_ring, lightli_temple_of_fire,
          nicolae_overflow_hidden_temple, minmay_fountain_box,
          hangedman_abyss_or_decor_stagger

Skill      XL: |  1  2  3  4 |
---------------+-------------+-----
Polearms       | 4 5 |  5.2
Fighting       | 4 5 |  5.0
Armour         | |  2.9
Dodging        | |  2.6
Stealth        | |  0.3

Action                     |  1- 3 |  4- 6 || total
---------------------------+-------+-------++-------
  Melee: Spear             |    77 |    57 ||   134
         Headbutt          |    13 |    11 ||    24
         Punch             |       |     1 ||     1
    Use: Scroll            |     4 |     2 ||     6
         Potion            |       |     3 ||     3
 Armour: Animal skin       |    13 |    10 ||    23
  Dodge: Dodged            |    46 |    40 ||    86

Table legend: (Time is in decaauts)
 A = Elapsed time spent in this place.
 B = Non-inter-level travel time spent in this place.
 C = Inter-level travel time spent in this place.
 D = Time resting spent in this place.
 E = Time spent auto-exploring this place.
 F = Levels seen in this place.
 G = Mean time per level.
                   A        B        C        D        E       F      G
               +--------+--------+--------+--------+--------+-----+--------+
         Total |   2176 |   2176 |      0 |    407 |      0 |   4 |  544.0 |
       Dungeon |   2176 |   2176 |      0 |    407 |      0 |   4 |  544.0 |
               +--------+--------+--------+--------+--------+-----+--------+

Top non-repeatable levels by time:
     D:3: 770 daAuts
     D:2: 699 daAuts
     D:1: 659 daAuts
     D:4: 47 daAuts
